 Dungeon Crawl Stone Soup version 0.22-a0-76-gd698a02 (webtiles) character file.

9 kibaces the Grave Robber (level 2, 19/19 HPs)
             Began as a Demonspawn Necromancer on Jan 13, 2018.
             Got out of the dungeon alive.
             The game lasted 00:01:28 (423 turns).

kibaces the Grave Robber (Demonspawn Necromancer)    Turns: 423, Time: 00:01:29

Health: 19/19      AC:  2    Str:  8    XL:     2   Next: 6%
Magic:  5/5        EV: 12    Int: 16    God:
Gold:   0          SH:  0    Dex: 13    Spells: 3/5 levels left

rFire    . . .     SeeInvis .   (no weapon)
rCold    . . .     Gourm    .   (no shield)
rNeg     . . .     Faith    .   a - +0 robe
rPois    .         Spirit   .   (helmet restricted)
rElec    .         Reflect  .   (no cloak)
rCorr    .         Harm     .   (no gloves)
MR       .....                  (no boots)
Stlth    ++........             (no amulet)
HPRegen  0.06/turn              (no ring)
MPRegen  0.09/turn              (no ring)

@: no status effects
A: antennae 1
a: no special abilities


You escaped.
You were not hungry.

You visited 1 branch of the dungeon, and saw 1 of its levels.

Inventory:

Armour
 a - a +0 robe (worn)
Scrolls
 d - a scroll of immolation {unknown}
 e - a scroll of fear {unknown}
 i - a scroll of fog {unknown}
Potions
 f - a potion of curing {unknown}
 g - a potion of haste {unknown}
Books
 b - a book of Necromancy

   Spells                             Type                      Level
   a - Pain                           Necromancy                   1
   b - Animate Skeleton               Necromancy                   1
   c - Vampiric Draining              Necromancy                   3
   d - Regeneration                   Charms/Necromancy            3
   e - Animate Dead                   Necromancy                   4
   f - Borgnjor's Vile Clutch         Necromancy/Earth             5
Comestibles
 c - 2 rations


   Skills:
 + Level 1.9 Dodging
 - Level 1.7 Stealth
 * Level 2.2 Spellcasting
 * Level 4.6 Necromancy


You had 3 spell levels left.
You knew the following spells:

 Your Spells              Type           Power        Failure   Level  Hunger
a - Pain                  Necr           ###.         3%          1    #......
b - Animate Skeleton      Necr           N/A          3%          1    #......


Dungeon Overview and Level Annotations

Branches:
Dungeon (1/15)

Altars:


Innate Abilities, Weirdness & Mutations

You have a pair of small antennae on your head.


Message History

You swap places.
You swap places.
The dart slug launches a dart at you. The slug dart hits your bat skeleton.
Your bat skeleton hits the dart slug but does no damage.
Your bat skeleton hits the dart slug.
The dart slug dies!
You have reached level 2!
Your demonic ancestry asserts itself...
A pair of antennae grows on your head!
Press: ? - help, v - describe, . - travel The floor.
All of the chunks of flesh in your inventory have rotted away.
There is an open door here.
Magic restored.
There is a staircase leading out of the dungeon here.
Are you sure you want to leave the Dungeon?
This will make you lose the game!
Alright, then stay!
Are you sure you want to leave the Dungeon?
This will make you lose the game!
You have escaped!

###.#.# #.# #.#.#
#.# #.#.# #.#
##### ### ####
#######
Z#Z#######Z#^#Z#
####Z#Z#^########
...#######......##
##.............Z@#
^#####..........##
##Z#^############
#####Z#Z#Z#Z#Z#
###########


You could see a felid skeleton, a kobold skeleton and a friendly bat skeleton.

Vanquished Creatures
  2 bats (D:1)
  3 goblins (D:1)
  A rat (D:1)
6 creatures vanquished.

Vanquished Creatures (collateral kills)
  A dart slug (D:1)
1 creature vanquished.

Grand Total: 7 creatures vanquished

Notes
Turn   | Place    | Note
-------+----------+-------------------------------------------
     0 | D:1      | kibaces the Demonspawn Necromancer began the quest for the Orb.
     0 | D:1      | Reached XP level 1. HP: 13/13 MP: 3/3
     1 | D:1      | Noticed a minotaur skeleton
     7 | D:1      | Learned a level 1 spell: Animate Skeleton
   351 | D:1      | Gained mutation: You have a pair of small antennae on your head. [demonic ancestry]
   351 | D:1      | Reached XP level 2. HP: 16/19 MP: 0/5
   423 | D:$      | Got out of the dungeon alive.

Vault maps used:
D:1:      shiori_arrival_whats_in_store_for_you

Action                   || total
-------------------------++-------
 Cast: Pain              ||     9
       Animate Skeleton  ||     2

Table legend:
 A = Spawn XP
 B = Non-spawn XP
 C = Spawn XP percentage of total XP
 D = Spawn monster count
 E = Non-spawn monster count
 F = Spawn count percentage of total count
 G = Total turns spent on level
                    A         B        C        D         E        F      G
               +---------+---------+-------+---------+---------+-------+---------
         Total |       0 |      14 |   0.0 |       0 |       7 |   0.0 |   423
               +---------+---------+-------+---------+---------+-------+---------
           D:1 |       0 |      14 |   0.0 |       0 |       7 |   0.0 |   423
               +---------+---------+-------+---------+---------+-------+---------
